 Dungeon Crawl Stone Soup version 0.31.0-11-ge490571c62 (webtiles) character file.

Game seed: 4913295469498440039

19 safid the Changeling (level 2, 0/23 HPs)
             Began as a Draconian Shapeshifter on Feb 7, 2024.
             Succumbed to an adder's poison
             ... on level 2 of the Dungeon.
             The game lasted 00:00:42 (524 turns).

safid the Changeling (Draconian Shapeshifter)        Turns: 524, Time: 00:00:43

Health: 0/23       AC:  4    Str: 14 (16) XL:     2   Next: 55%
Magic:  2/2        EV: 12    Int:  9 (10) God:
Gold:   32         SH:  0    Dex:  9 (10) Spells: 1/1 levels left

rFire   . .          .
                       - Unarmed
rCold   . . .        (no shield)
rNeg    . . .        (body armour unavailable)
rPois   .            (helmet currently unavailable)
rElec   .            (cloak currently unavailable)
rCorr   .            (gloves currently unavailable)
SInv    .            (boots currently unavailable)
Will    .....        (no amulet)
Stlth   +            (no ring)
HPRegen 0.23/turn    (no ring)
MPRegen 0.08/turn

%: no passive effects
@: lethally poisoned (0 -> -4), beast-form
A: beast (slay +1), AC +4, unfitting armour, cold-blooded
a: Begin Untransformation


You were on level 2 of the Dungeon.
You were a hulking beast.
You visited 1 branch of the dungeon, and saw 2 of its levels.

You collected 32 gold pieces.

Inventory:

Talismans
 b - a beast talisman
 c - a flux talisman
Scrolls
 e - a scroll of butterflies {unknown}
 f - 3 scrolls of identify {unknown}
 h - a scroll of acquirement {unknown}
 i - a scroll of enchant weapon {unknown}
Potions
 a - a potion of lignification
 g - a potion of enlightenment {unknown}


   Skills:
 + Level 1.1 Fighting
 + Level 2.0 Dodging
 + Level 3.2 Unarmed Combat
 + Level 3.4 Shapeshifting


You had one spell level left.
You didn't know any spells.
Your spell library was empty.

Dungeon Overview and Level Annotations

Branches:
Dungeon (2/15)

Altars:


Innate Abilities, Weirdness & Mutations

You are a hulking beast.
Your limbs bulge with bestial killing power. (Slay +1)
Your plain brown scales are hard. (AC +4)
You cannot fit into any form of body armour.
You are cold-blooded and may be slowed by cold attacks.


Message History

You feel sick. The adder closely misses you. The bat hits you.
The adder bites you.
You are more poisoned.
The adder poisons you! The adder bites you but does no damage.
The bat hits you.
You feel sick. The bat hits you but does no damage.
You feel sick. The adder attacks as it pursues you! The adder misses you.
The adder barely misses you.
You feel sick. The adder barely misses you.
The bat hits you but does no damage. The adder barely misses you.
You feel sick. The bat barely misses you.
You feel sick. The adder attacks as it pursues you!
The adder bites you but does no damage.
You feel sick.
You feel sick. The bat closely misses you. The bat hits you but does no damage.
You feel sick.
You closely miss the adder.
You feel sick.
You are no longer poisoned.
The adder closely misses you.
You closely miss the adder. The adder bites you but does no damage.
You barely miss the adder. The adder closely misses you.
You punch the adder!
The adder is heavily wounded.
The adder bites you but does no damage. The adder bites you.
* * * LOW HITPOINT WARNING * * *
You completely miss the adder.
The adder is heavily wounded.
The adder bites you.
* * * LOW HITPOINT WARNING * * *
You are lethally poisoned!
The adder poisons you!
You barely miss the adder. Your punch misses the adder.
The adder is heavily wounded.
* * * LOW HITPOINT WARNING * * *
You feel sick. The adder closely misses you.
Unknown command.
It was a potion of degeneration.
There was something very wrong with that liquid.
You feel weakened.
You feel dopey.
You feel clumsy.
You die...

#....#.#
##.#...###
#.........
#.........
###.........
#Sr.........
#g#.........
#S########## #h#
#.#
##'#############
#..............#
#..............#
#..............#
#..............#
#..............#
#.............<#


You could see 2 adders, a goblin and a rat.

Vanquished Creatures
  A dart slug (D:1)
  2 endoplasms (D:1)
  A giant cockroach (D:1)
  3 hobgoblins (D:1)
  4 ball pythons (D:1)
  2 bats (D:1)
  A kobold (D:1)
  3 rats (D:1)
17 creatures vanquished.

Notes
Turn   | Place    | Note
-------+----------+-------------------------------------------
     0 | D:1      | safid the Draconian Shapeshifter began the quest for the
                  | Orb.
     0 | D:1      | Reached XP level 1. HP: 16/16 MP: 1/1
   160 | D:1      | Reached XP level 2. HP: 23/23 MP: 2/2
   523 | D:2      | HP: 1/23 [poisoned by an adder]
   524 | D:2      | Succumbed to an adder's poison

Illustrated notes

Levels and vault maps discovered:
D:1:      ncdulo_watergridlock, layout_rooms, minmay_hexomino_u4
D:2:      minmay_skewed_foursquare, layout_basic,
          dilly_ecumenical_altar_fadedgnrine, minmay_fractal_squares_5

Skill      XL: |  1 |
---------------+----+-----
Dodging        | 2 |  2.0
Fighting       | |  1.1
Unarmed Combat | |  3.2
Shapeshifting  | |  3.4

Action                     || total
---------------------------++-------
  Melee: Unarmed           ||    43
         Tailslap          ||     3
    Use: Potion            ||     1
 Armour: Skin              ||    28
  Dodge: Dodged            ||    45
